 Dungeon Sprint DCSS version 0.30-a0-50-gb2d611f6b1 (webtiles) character file.

Game seed: 16844937839056866966

298 MrFrogsmire the Fighter (level 6, -1/64 HPs)
             Began as a Draconian Berserker on Sept 4, 2022.
             Was a High Priest of Trog.
             Slain by Aizul (32 damage)
             ... in the Dungeon (Sprint VI: "Thunderdome").
             The game lasted 00:10:42 (662 turns).

MrFrogsmire the Fighter (Draconian Berserker)        Turns: 662, Time: 00:10:42

Health: -1/64      AC:  6    Str: 16    XL:     6   Next: 82%
Magic:  6/6        EV:  2    Int: 15    God:    Trog [*****.]
Gold:   420        SH:  0    Dex: 27    Spells: 5/5 levels left

rFire   + . .      SeeInvis .    p - +2 rapier
rCold   . . .      Faith    .    (no shield)
rNeg    + . .      Spirit   .    (body armour unavailable)
rPois   .          Reflect  +    (helmet restricted)
rElec   .          Harm     .    (no cloak)
rCorr   +          Rampage  .    (no gloves)
Will    .....      NoTele   +    (no boots)
Stlth   +++.......               n - amulet of Kaoprik {Reflect rF+ rCorr Int+3 Dex+3 SH+5}
HPRegen 0.20/turn                o - ring "Xosem" {Str-3 Int+4 Dex+6 Slay+5}
MPRegen 0.10/turn                l - ring "Loihu" {rN+ Dex+6}

@: lethally poisoned (-1 -> -2), sleeping, on berserk cooldown, slowed
A: AC +6, unfitting armour, cold-blooded
a: Renounce Religion, Berserk, Trog's Hand, Brothers in Arms


You were in the Dungeon.
You worshipped Trog.
Trog was extremely pleased with you.
You visited 1 branch You collected 600 gold pieces.
You spent 180 gold pieces at shops.

Inventory:

Hand Weapons
 p - a +2 rapier (weapon)
Jewellery
 l - the ring "Loihu" (right hand) {rN+ Dex+6}
   (You bought it in a shop in the Dungeon)

   [ring of dexterity]

   Dex:       It affects your dexterity (+6).
   rN:        It protects you from negative energy.
 m - the ring of Salvation {rN+ SInv}
   (You bought it in a shop in the Dungeon)

   [ring of see invisible]

   rN:        It protects you from negative energy.
   SInv:      It lets you see invisible.
 n - the amulet of Kaoprik (around neck) {Reflect rF+ rCorr Int+3 Dex+3 SH+5}
   (You bought it in a shop in the Dungeon)

   [amulet of reflection]

   It reflects blocked missile attacks.
   Int:       It affects your intelligence (+3).
   Dex:       It affects your dexterity (+3).
   rF:        It protects you from fire.
   rCorr:     It protects you from acid and corrosion.
   SH:        It affects your SH (+5).
 o - the ring "Xosem" (left hand) {Str-3 Int+4 Dex+6 Slay+5}
   (You bought it in a shop in the Dungeon)

   [ring of dexterity]

   Str:       It affects your strength (-3).
   Int:       It affects your intelligence (+4).
   Dex:       It affects your dexterity (+6).
   Slay:      It affects your accuracy & damage with ranged weapons and melee
   (+5).
Scrolls
 g - 4 scrolls of blinking
 j - 3 scrolls of butterflies
Potions
 b - a potion of curing
 c - 3 potions of heal wounds
 d - 4 potions of haste
 e - 2 potions of magic
 k - a potion of resistance


   Skills:
 + Level 9.4 Fighting
 + Level 8.4 Maces & Flails
 + Level 4.2 Polearms
 + Level 7.5 Dodging
 + Level 1.4 Stealth
 + Level 0.8 Shields
 + Level 2.5 Evocations


You had 5 spell levels left.
You didn't know any spells.
Your spell library was empty.

Dungeon Overview and Level Annotations

Branches:
Dungeon (1/1)

Altars:
Cheibriados
Dithmenos
Fedhas
Gozag
Kikubaaqudgha
Makhleb
Okawaru
Qazlal
Ru
Sif Muna
Trog
Uskayaw
Vehumet
Wu Jian
Xom
Yredelemnul
Zin
The Shining One
Lugonu

Shops:
D *[??*?*:[((!!!!

Annotations:
D Aizul


Innate Abilities, Weirdness & Mutations

Your plain brown scales are hard. (AC +6)
You cannot fit into any form of body armour.
You are cold-blooded and may be slowed by cold attacks.


Message History

Aizul hits you but does no damage.
You hit Aizul. You tail-slap Aizul, but do no damage.
Aizul is heavily wounded.
Aizul hits you but does no damage.
You impale Aizul!!
Aizul is severely wounded.
Aizul closely misses you. Aizul barely misses you.
You closely miss Aizul.
Aizul is severely wounded.
Aizul coils herself and waves her upper body at you.
The bolt of poison hits you!
You are poisoned.
You miss Aizul.
Aizul is severely wounded.
You feel sick. Aizul misses you.
You miss Aizul. You tail-slap Aizul.
Aizul is severely wounded.
You feel sick. Aizul hits you!
You miss Aizul.
Aizul is severely wounded.
You feel sick. Aizul casts a spell at you. The bolt of poison misses you.
You hit Aizul.
Aizul is severely wounded.
You are no longer berserk.
You are exhausted.
You feel yourself slow down.
You feel sick. Aizul completely misses you. You block Aizul's attack.
You hit Aizul.
Aizul is severely wounded.
You feel sick. Aizul closely misses you. You block Aizul's attack.
You closely miss Aizul.
Aizul is severely wounded.
You feel sick. Aizul casts a spell at you.
You fall asleep.
Aizul hits you!!
Ouch! That really hurt!
You die...

#.....# ##.....## ##∩)....∩##
#∩.......∩# #_......._#
#_........# #_......._#
###.........### #[..S@.....[.⌠#
######.8........)8.######
##.___....).###.(....__.∩##
###∩..[.....8.# #.8.[......∩##
##.............###.............
#⌠..........###...###..........
#⌠..........# #.<.# #..........
#⌠.........[###...###..)..[....
##......[...(..###.............


You could see Aizul.

Vanquished Creatures
  An orc warrior (D)
  A phantom (D)
  Blork the orc (D)
  6 orc priests (D)
  Jessica (D)
  An adder (D)
  4 orcs (D)
  A ball python (D)
  6 kobolds (D)
  A rat (D)
23 creatures vanquished.

Vanquished Creatures (others)
  A kobold (D)
1 creature vanquished.

Grand Total: 24 creatures vanquished

Notes
Turn   | Place    | Note
-------+----------+-------------------------------------------
     0 | D        | MrFrogsmire the Draconian Berserker began the quest for the
                  | Orb.
     0 | D        | Reached XP level 1. HP: 19/19 MP: 1/1
     1 | D        | Found a radiant altar of Vehumet.
     1 | D        | Found a hide-covered altar of Uskayaw.
     2 | D        | Found a glowing silver altar of Zin.
     2 | D        | Found a shimmering blue altar of Sif Muna.
     3 | D        | Found an ancient bone altar of Kikubaaqudgha.
     4 | D        | Found a glowing golden altar of the Shining One.
     4 | D        | Found a sacrificial altar of Ru.
     4 | D        | Found a corrupted altar of Lugonu.
     4 | D        | Found Muycam's Identification Station.
     5 | D        | Found Owkuolat's Jewellery.
     5 | D        | Found Caigu's Magic Scroll Shop.
     5 | D        | Found Lugiot's Advanced Armour.
     5 | D        | Round 1.
    14 | D        | Noticed a phantom
    19 | D        | Killed a phantom
    20 | D        | Reached skill level 6 in Fighting
    20 | D        | Reached skill level 5 in Maces & Flails
    20 | D        | Reached XP level 2. HP: 30/30 MP: 2/2
    20 | D        | Reached XP level 3. HP: 37/37 MP: 3/3
    20 | D        | Reached XP level 4. HP: 44/44 MP: 4/4
    21 | D        | Found an iron altar of Okawaru.
    22 | D        | Found a basalt altar of Yredelemnul.
    23 | D        | Found a shimmering altar of Xom.
    24 | D        | Found a stormy altar of Qazlal.
    24 | D        | Found an opulent altar of Gozag.
    24 | D        | Found Toshinec's Premium Goods.
    24 | D        | Found Jepsukk's Weapon Rack.
    25 | D        | Found Didghate's Miscellaneous Merchandise.
    25 | D        | Found Qikkisch's Basic Armour.
    45 | D        | Bought a slimy platinum ring for 45 gold pieces
    45 | D        | Identified the ring "Loihu" {rN+ Dex+6} (You bought it in a
                  | shop in the Dungeon)
    45 | D        | Bought a heavily runed amber ring for 45 gold pieces
    45 | D        | Identified the ring of Salvation {rN+ SInv} (You bought it
                  | in a shop in the Dungeon)
    45 | D        | Bought a smoking bronze amulet for 45 gold pieces
    45 | D        | Identified the amulet of Kaoprik {Reflect rF+ rCorr Int+3
                  | Dex+3 SH+5} (You bought it in a shop in the Dungeon)
    45 | D        | Bought a steaming copper ring for 45 gold pieces
    45 | D        | Identified the ring "Xosem" {Str-3 Int+4 Dex+6 Slay+5} (You
                  | bought it in a shop in the Dungeon)
    61 | D        | Noticed Jessica
    63 | D        | Killed Jessica
    63 | D        | Reached ** piety under Trog
    64 | D        | Reached skill level 5 in Dodging
    65 | D        | Found Pohenif's Magic Scroll Shop.
    66 | D        | Found Vesaeci's Must-Have Magic.
    67 | D        | Found a bloodstained altar of Trog.
    67 | D        | Found a snail-covered altar of Cheibriados.
    67 | D        | Found Dygefamu's Staff Store.
    74 | D        | Found an ornate altar of the Wu Jian Council.
    78 | D        | Found a shadowy altar of Dithmenos.
    79 | D        | Found Zuatad's Distillery.
    81 | D        | Found Coaff's Distillery.
    81 | D        | Found Yvvayff's Bottled Wisdom.
    81 | D        | Found a blossoming altar of Fedhas.
    81 | D        | Found a burning altar of Makhleb.
    81 | D        | Found Xen Utta's Do-It-Yourself Clinic.
   134 | D        | Arena points: 12 (+12) [x2]
   164 | D        | Round 2.
   173 | D        | Reached *** piety under Trog
   190 | D        | Noticed Blork the orc
   195 | D        | Killed Blork the orc
   196 | D        | Reached skill level 7 in Fighting
   196 | D        | Reached skill level 1 in Evocations
   196 | D        | Reached XP level 5. HP: 53/53 MP: 5/5
   219 | D        | Noticed an orc warrior
   226 | D        | Killed an orc warrior
   226 | D        | Reached **** piety under Trog
   227 | D        | Reached skill level 8 in Fighting
   227 | D        | Reached skill level 1 in Polearms
   227 | D        | Reached XP level 6. HP: 51/62 MP: 6/6
   248 | D        | Arena points: 54 (+42) [x3]
   286 | D        | Round 3.
   337 | D        | Reached skill level 1 in Stealth
   353 | D        | Reached ***** piety under Trog
   354 | D        | Reached skill level 9 in Fighting
   449 | D        | Arena points: 138 (+84) [x4]
   472 | D        | Round 4.
   569 | D        | Received a gift from Trog
   569 | D        | Arena points: 298 (+160) [x5]
   639 | D        | Round 5.
   640 | D        | Noticed Aizul
   662 | D        | Slain by Aizul

Illustrated notes

Levels and vault maps discovered:
D:        arena_sprint

Skill      XL: |  1  2  3  4  5  6 |
---------------+-------------------+-----
Fighting       | 6 7 8 9 |  9.4
Maces & Flails | 5 7 8 |  8.4
Dodging        | 4 6 7 |  7.5
Evocations     | 1 2 |  2.5
Polearms       | 1 4 |  4.2
Stealth        | 1 |  1.4
Shields        | |  0.8

Action                   |  1- 3 |  4- 6 || total
-------------------------+-------+-------++-------
Melee: Mace              |       |    10 ||    10
       Tailslap          |       |     7 ||     7
       Glaive            |       |    23 ||    23
       Rapier            |       |    19 ||    19
Evoke: Wand              |     3 |     7 ||    10
  Use: Potion            |       |     2 ||     2
Armor: Skin              |       |     5 ||     5
Dodge: Dodged            |       |    35 ||    35
Block: Other             |       |     9 ||     9

Table legend: (Time is in decaauts)
 A = Elapsed time spent in this place.
 B = Non-inter-level travel time spent in this place.
 C = Inter-level travel time spent in this place.
 D = Time resting spent in this place.
 E = Time spent auto-exploring this place.
 F = Levels seen in this place.
 G = Mean time per level.
                   A        B        C        D        E       F      G
               +--------+--------+--------+--------+--------+-----+--------+
         Total |    671 |    249 |    422 |      0 |      0 |   1 |  671.0 |
       Dungeon |    671 |    249 |    422 |      0 |      0 |   1 |  671.0 |
               +--------+--------+--------+--------+--------+-----+--------+

Top non-repeatable levels by time:
       D: 671 daAuts
